 Dungeon Crawl Stone Soup version 0.18.1-6-gd335043 (webtiles) character file.

93279 NoLuckNoSkill the Severer (level 16, -10/145 HPs)
             Began as a Hill Orc Fighter on May 17, 2016.
             Was the Champion of Beogh.
             Killed by the raging water
             ... invoked by a water nymph
              (22 damage)
             ... on level 3 of the Shoals on May 18, 2016.
             The game lasted 01:50:54 (23990 turns).

NoLuckNoSkill the Severer (Hill Orc Fighter)       Turns: 23990, Time: 01:50:55

Health: -10/145    AC: 28    Str: 26    XL:     16   Next: 8%
Magic:  0/30       EV: 14    Int:  8    God:    Beogh [******]
Gold:   206        SH: 14    Dex: 10    Spells: 0 memorised, 22 levels left

rFire  . . .     SeeInvis +     H - +2 war axe (drain)
rCold  + . .     Gourm    .     A - +6 scale mail of Ashenzari's Generosity {rElec rN+ MP+9}
rNeg   + . .     Faith    .     c - +0 shield
rPois  .         Spirit   +     R - +2 helmet {rC+}
rElec  +         Dismiss  .     a - +0 cloak
rCorr  .         Reflect  .     p - +0 pair of gloves
SustAt .         Harm     .     G - +2 pair of boots {Fly}
MR     ++...                    w - amulet of guardian spirit
Stlth  ..........               N - ring of protection from magic
                                D - ring of see invisible

@: flying, recalling, very resistant to hostile enchantments, extremely
unstealthy
A: walk on water, regeneration 1, MP-powered wands
a: Smiting, Stop Recall, Give Item to Named Follower, Resurrection, Renounce
Religion, Stop Flying


You were on level 3 of the Shoals.
You worshipped Beogh.
Beogh was exalted by your worship.
You were not hungry.

You visited 5 branches of the dungeon, and saw 25 of its levels.
You also visited: Ice Cave and Volcano.

You collected 2426 gold pieces.
You spent 2220 gold pieces at shops.

Inventory:

Hand Weapons
 x - a +0 antimagic quarterstaff
 H - a +2 war axe of draining (weapon)
Armour
 a - a +0 cloak (worn)
 c - a +0 shield (worn)
 p - a +0 pair of gloves (worn)
 t - the +4 ring mail of Zufunteb {rF+ Str+9 Int+3 Dex-3}
   (You found it on level 6 of the Dungeon)

   It affects your strength (+9).
   It affects your intelligence (+3).
   It affects your dexterity (-3).
   It protects you from fire.
 A - the +6 scale mail of Ashenzari's Generosity (worn) {rElec rN+ MP+9}
   (You bought it in a shop on level 2 of the Shoals)

   It insulates you from electricity.
   It protects you from negative energy.
   It affects your magic capacity (+9).
 B - the +2 scale mail of the Griffon {Regen+ rCorr Str+4 Dex-2}
   (You bought it in a shop on level 2 of the Shoals)

   It affects your strength (+4).
   It affects your dexterity (-2).
   It increases your rate of regeneration.
   It protects you from acid and corrosion.
 G - a +2 pair of boots of flying (worn)
 R - a +2 helmet of cold resistance (worn)
Magical Staves
 i - an uncursed staff of earth
Jewellery
 g - an uncursed ring of resist corrosion
 w - an amulet of guardian spirit (around neck)
 D - a ring of see invisible (left hand)
 N - a ring of protection from magic (right hand)
Wands
 h - a wand of lightning (9/15)
 j - a wand of iceblast (4/15)
 s - a wand of lightning (9/15)
 F - a wand of lightning (7/15)
 J - a wand of polymorph (8/24)
 S - a wand of teleportation (6/9)
Scrolls
 e - 2 scrolls of fear
 k - 4 scrolls of noise
 l - 2 scrolls of recharging
 m - 3 scrolls of blinking
 n - 8 scrolls of remove curse
 o - 10 scrolls of identify
 r - a scroll of enchant armour
 u - a scroll of immolation
 y - 2 scrolls of fog
 E - 5 scrolls of teleportation
 P - 8 scrolls of magic mapping
Potions
 b - 2 potions of agility
 d - 2 potions of might
 v - a potion of invisibility
 I - 2 potions of resistance
 L - a potion of curing
 W - 3 potions of haste
 Y - a potion of heal wounds
Books
 z - a book of Changes

   Spells                             Type                      Level
   a - Beastly Appendage              Transmutation                1
   b - Sticks to Snakes               Transmutation                2
   c - Spider Form                    Transmutation/Poison         3
   d - Ice Form                       Ice/Transmutation            4
   e - Blade Hands                    Transmutation                5
Comestibles
 q - 10 fruits


   Skills:
 + Level 13.8 Fighting
 * Level 16.0 Axes
 + Level 12.6 Armour
 * Level 10.7 Dodging
 + Level 12.6 Shields
 + Level 3.9 Spellcasting


You had 22 spell levels left.
You didn't know any spells.

Dungeon Overview and Level Annotations

Branches:
Dungeon (11/15)            Temple (1/1) D:5            Lair (8/8) D:9
 Shoals (3/4) Lair:4        Snake (0/4) Lair:6        Slime (0/6) Lair:6
    Orc (2/2) D:11            Elf (0/3) Orc:2

Altars:
Ashenzari
Cheibriados
Dithmenos
Elyvilon
Fedhas
Gozag
Kikubaaqudgha
Makhleb
Nemelex Xobeh
Pakellas
Qazlal
Ru
Trog
Vehumet
Xom
Yredelemnul
Zin
The Shining One
Beogh
Jiyva

Shops:
D:6 }}   D:9 [   Orc:2 [([*   Shoals:2 [

Annotations:
D:6 NoLuckNoSkill's ghost, novice DsCK


Innate Abilities, Weirdness & Mutations

You can walk on water.
Your natural rate of healing is unusually fast.
You expend magic power (3 MP) to strengthen your wands.


Message History

You feel sick.
Unknown command.
You barely miss the water nymph.
The water nymph is severely wounded.
The water nymph casts a spell at you. The water rises up and strikes you!
* * * LOW HITPOINT WARNING * * *
Unknown command.
Unknown command.
Drink which item? (? for menu, Esc to quit)
You feel better.
The water nymph gestures at you while chanting.
The water rises up and strikes you!
* * * LOW HITPOINT WARNING * * *
Unknown command.
You begin recalling your allies.
You feel slightly more hungry.
Bogdar is recalled.
Your orc sorcerer is recalled.
The water nymph points at you and mumbles some strange words.
The water rises up and strikes you!
You die...

≈≈≈≈≈≈≈≈≈≈#
.≈≈≈≈≈≈≈≈≈≈≈≈≈≈≈≈≈≈#
.≈≈≈≈≈≈≈≈≈≈≈≈≈≈≈≈≈≈#
≈.≈≈≈≈≈≈≈≈≈≈≈≈≈≈≈≈≈≈≈#
≈≈≈≈≈≈≈≈≈≈≈≈≈≈≈≈≈≈≈≈≈≈#
..≈≈≈≈≈≈≈≈≈≈≈≈≈≈≈≈≈≈≈≈≈≈#
..≈≈≈≈≈≈≈≈≈≈≈≈≈≈≈≈≈≈≈≈≈≈≈#
.≈≈≈≈≈≈≈≈≈≈≈≈mo≈≈≈≈≈≈≈≈≈≈#
≈≈≈≈≈≈≈≈≈≈≈≈.@≈≈≈≈≈≈≈≈≈≈≈#
≈≈≈≈≈≈≈≈≈≈≈.o≈≈≈≈≈≈≈≈≈≈≈≈#
.≈≈≈≈≈≈≈≈≈....≈≈≈≈≈≈≈≈≈≈≈#
≈≈≈≈≈≈≈≈≈≈.##....≈≈≈≈≈≈≈≈#
≈≈≈≈≈≈≈†≈.####...≈≈≈≈≈≈≈≈#
≈≈≈≈≈≈≈≈≈.####...≈≈≈≈≈≈≈≈#
≈≈≈≈≈≈≈≈....##.<≈≈≈≈≈≈≈≈≈#
≈≈≈≈≈≈≈≈≈.....≈≈≈≈≈≈≈≈≈≈≈#
≈≈≈≈≈≈≈≈≈≈≈≈.≈≈≈≈≈≈≈≈≈≈≈≈#


You could see a water nymph, the friendly Bogdar the orc knight and a friendly
orc sorcerer.

Vanquished Creatures
  2 fire dragons
  A merfolk impaler (Lair:4)
  A hydra (Lair:3)
  A queen ant (Lair:3)
  5 sea snakes
  A harpy (Shoals:1)
  A necromancer (IceCv)
  2 oklob plants
  3 griffons
  7 manticores
  2 fauns (Shoals:2)
  2 elephants (Lair:5)
  A black mamba (Lair:8)
  A water nymph (Shoals:3)
  A rime drake (Lair:8)
  An ice statue (IceCv)
  2 spiny frogs
  10 freezing wraiths (IceCv)
  A troll (Orc:2)
  3 merfolk
  Grinder (D:4)
  3 blink frogs
  Prince Ribbit (D:7)
  4 slime creatures
  A snapping turtle (Shoals:1)
  2 water elementals (Shoals:1)
  2 wraiths (D:7)
  12 fire bats
  18 yaks
  2 hogs (Lair:6)
  5 hippogriffs
  4 basilisks
  2 hungry ghosts
  A death yak simulacrum (IceCv)
  A soldier ant (Lair:3)
  2 mottled dragons
  A water moccasin (D:7)
  3 porcupines
  A swamp drake (Lair:8)
  2 sky beasts
  6 orc warriors
  2 phantoms
  5 killer bees
  A necrophage (D:7)
  8 ice beasts
  11 centaurs
  A black bear (D:9)
  8 ogres
  2 crocodiles (Lair:8)
  A big kobold (D:9)
  6 giant frogs
  A wyvern skeleton (D:9)
  A scorpion (D:7)
  A troll zombie (D:7)
  5 wights
  A centaur zombie (D:6)
  3 howler monkeys
  A crimson imp (D:5)
  4 human zombies (D:7)
  A jelly (D:6)
  5 lava snakes (Volcano)
  A draconian simulacrum (IceCv)
  A giant frog skeleton (D:10)
  10 orc priests
  A gnoll shaman (D:8)
  6 hounds
  A human skeleton (D:7)
  Terence (D:3)
  11 worker ants
  3 iguanas
  7 orc wizards
  8 troll simulacra (IceCv)
  4 spriggan simulacra (IceCv)
  3 wolf simulacra (IceCv)
  A killer bee zombie (D:7)
  3 sheep
  A centaur simulacrum (IceCv)
  3 hound skeletons
  3 mummies (D:7)
  A worker ant zombie (D:9)
  5 gnolls (D:8)
  2 ogre simulacra (IceCv)
  6 adders
  4 naga simulacra (IceCv)
  9 river rats
  4 shadow imps
  12 white imps (IceCv)
  An adder skeleton (D:5)
  2 worms
  3 dart slugs
  4 giant geckos
  25 orcs
  7 bats
  7 giant cockroaches
  8 goblins
  10 hobgoblins
  2 jackals (D:1)
  9 kobolds
  3 quokkas
  4 ball pythons
  A giant gecko skeleton (D:4)
  4 giant newts
  A quokka skeleton (D:9)
  4 rats
  3 fungi (Lair:8)
399 creatures vanquished.

Vanquished Creatures (collateral kills)
  Saint Roka (Orc:2)
  Kirke (Lair:6)
  An orc warlord (Orc:2)
  Snorg (D:10)
  2 merfolk impalers (Shoals:1)
  5 hydras
  A merfolk avatar (Shoals:2)
  A catoblepas (Lair:8)
  A death knight (D:11)
  A satyr (Shoals:2)
  An orc high priest (Orc:2)
  The ghost of Dragandan the Shield-Bearer, a novice DDFi of Nemelex Xobeh (Lair:1)
  2 sea snakes (Shoals:1)
  3 steam dragons (Lair:8)
  A hill giant (D:11)
  3 harpies (Shoals:1)
  A cyclops (Shoals:2)
  An orc sorcerer (Orc:2)
  4 griffons (Shoals:1)
  7 fauns
  2 manticores (Shoals:1)
  2 sirens
  6 black mambas
  An elephant (Lair:5)
  10 spiny frogs
  A centaur skeleton (D:10)
  4 rime drakes
  4 komodo dragons
  A freezing wraith (D:11)
  A troll (Orc:1)
  4 merfolk (Shoals:1)
  11 blink frogs
  3 snapping turtles
  A water elemental (Shoals:1)
  60 yaks
  A hungry ghost (D:10)
  4 fire bats
  3 hogs (Lair:6)
  7 hippogriffs
  2 basilisks
  A mottled dragon (Lair:8)
  3 wargs (Orc:2)
  12 water moccasins
  5 soldier ants (Lair:3)
  9 porcupines
  21 orc warriors
  A swamp drake (Lair:8)
  7 ogres
  5 wolves
  2 centaurs
  18 crocodiles
  13 giant frogs
  3 killer bees (D:9)
  2 centaur zombies
  5 orc wizards
  3 orc priests
  2 hounds
  9 iguanas
  14 worker ants
  16 sheep
  73 river rats
  12 white imps (Lair:2)
  14 orcs
  3 bushes
  3 butterflies (Lair:1)
  96 fungi
  65 plants
584 creatures vanquished.

Vanquished Creatures (others)
  An orc high priest (Lair:8)
  3 orc knights
  An orc sorcerer (Lair:2)
  6 orc warriors
  A human (Lair:6)
  11 orc priests
  An iguana (Lair:8)
  14 orc wizards
  A river rat (Lair:6)
  58 orcs
  A kobold (D:3)
  2 fungi
  3 plants
103 creatures vanquished.

Grand Total: 1086 creatures vanquished

Notes
Turn   | Place    | Note
--------------------------------------------------------------
     0 | D:1      | NoLuckNoSkill the Hill Orc Fighter began the quest for the Orb.
     0 | D:1      | Reached XP level 1. HP: 19/19 MP: 1/1
    91 | D:1      | Reached XP level 2. HP: 26/27 MP: 2/2
   402 | D:1      | Reached XP level 3. HP: 29/33 MP: 3/3
   406 | D:1      | Reached skill level 1 in Dodging
   767 | D:2      | Found a shimmering altar of Xom.
   851 | D:2      | Reached XP level 4. HP: 14/40 MP: 4/4
  1267 | D:3      | Noticed Terence
  1283 | D:3      | Killed Terence
  1419 | D:3      | Became a worshipper of Beogh the Brigand
  1452 | D:3      | Reached XP level 5. HP: 38/47 MP: 5/5
  2257 | D:4      | Found a glowing silver altar of Zin.
  2275 | D:4      | Reached XP level 6. HP: 42/55 MP: 3/6
  2279 | D:4      | Reached skill level 5 in Fighting
  2304 | D:4      | Reached * piety under Beogh
  2330 | D:4      | Noticed Grinder
  2339 | D:4      | Paralysed by Grinder for 6 turns
  2393 | D:4      | Killed Grinder
  2393 | D:4      | Reached skill level 5 in Armour
  2393 | D:4      | Reached skill level 5 in Shields
  2393 | D:4      | Reached XP level 7. HP: 48/62 MP: 7/7
  2401 | D:4      | Found a shattered altar of Ashenzari.
  2641 | D:5      | Entered Level 5 of the Dungeon
  2642 | D:5      | Found a blossoming altar of Fedhas.
  2804 | D:5      | HP: 3/62 [ogre/giant spiked club (7)]
  3000 | D:5      | Got an encrusted quarterstaff
  3007 | D:5      | Found a radiant altar of Vehumet.
  3062 | D:5      | Found a staircase to the Ecumenical Temple.
  3095 | D:5      | Reached XP level 8. HP: 62/70 MP: 6/8
  3139 | Temple   | Entered the Ecumenical Temple
  3598 | D:5      | Found a bloodstained altar of Trog.
  3772 | D:6      | Found Ably's Gadget Shoppe.
  3812 | D:6      | Gained mutation: You have a somewhat thin skeletal structure (Dex +2, Stealth). [mutagenic meat]
  3813 | D:6      | Gained mutation: Your natural rate of healing is unusually fast. [mutagenic meat]
  3814 | D:6      | Gained mutation: You have very sharp teeth. [mutagenic meat]
  3815 | D:6      | Gained mutation: Your magical capacity is low (-10% MP). [mutagenic meat]
  3854 | D:6      | Lost mutation: Your magical capacity is low (-10% MP). [potion of cure mutation]
  3854 | D:6      | Lost mutation: You have a somewhat thin skeletal structure (Dex +2, Stealth). [potion of cure mutation]
  3854 | D:6      | Lost mutation: You have very sharp teeth. [potion of cure mutation]
  3864 | D:6      | Found Runlaedd's Gadget Shop.
  3909 | D:6      | Got a bloodstained ring mail
  3910 | D:6      | Identified the +4 ring mail of Zufunteb {rF+ Str+9 Int+3 Dex-3} (You found it on level 6 of the Dungeon)
  4015 | D:6      | Noticed NoLuckNoSkill's ghost (novice DsCK)
  4047 | D:6      | HP: 3/73 [NoLuckNoSkill's ghost (1)]
  4477 | D:6      | Paralysed by NoLuckNoSkill's ghost for 3 turns
  4591 | D:6      | Reached XP level 9. HP: 18/79 MP: 1/9
  4700 | D:6      | You fall through a shaft for 2 floors!
  4808 | D:8      | Reached ** piety under Beogh
  4900 | D:8      | Reached skill level 5 in Dodging
  5132 | D:7      | Noticed Prince Ribbit
  5170 | D:7      | Killed Prince Ribbit
  6173 | D:7      | Reached XP level 10. HP: 90/90 MP: 10/10
  6229 | D:7      | Found a basalt altar of Yredelemnul.
  6309 | D:7      | Reached *** piety under Beogh
  6786 | D:9      | Found a staircase to the Lair.
  6813 | D:9      | Noticed a spiny frog
  6827 | D:8      | Reached skill level 3 in Axes
  6955 | D:8      | Reached skill level 4 in Axes
  7032 | D:9      | Killed a spiny frog
  7115 | D:9      | Reached **** piety under Beogh
  7223 | D:9      | Reached skill level 5 in Axes
  7287 | D:9      | Found Kerphibo's Antique Armour Shoppe.
  7384 | D:9      | Reached skill level 6 in Axes
  7387 | D:9      | Reached skill level 10 in Fighting
  7387 | D:9      | Reached XP level 11. HP: 30/99 MP: 5/11
  7610 | D:9      | Bought a pair of runed boots for 135 gold pieces
  7610 | D:9      | Bought an ancient chain mail for 285 gold pieces
  7615 | D:9      | Identified the cursed +0 chain mail of the Dolphin {Regen+ Int+4} (You bought it in a shop on level 9 of the Dungeon)
  7663 | D:9      | Found a white marble altar of Elyvilon.
  7942 | Lair:1   | Entered Level 1 of the Lair of Beasts
  7986 | D:10     | Entered Level 10 of the Dungeon
  8064 | D:9      | Reached skill level 7 in Axes
  8686 | D:10     | Noticed Snorg
  8697 | D:10     | Killed Snorg
  8697 | D:10     | Reached skill level 8 in Axes
  8922 | D:11     | Noticed a death knight
  8931 | D:11     | Killed a death knight
  8936 | D:11     | Noticed a hill giant
  8939 | D:11     | Killed a hill giant
  8939 | D:11     | Gained Bolgrim as an ally
  8939 | D:11     | Reached skill level 10 in Armour
  8951 | D:11     | Found a staircase to the Orcish Mines.
  8976 | D:11     | Reached ***** piety under Beogh
  9040 | Orc:1    | Entered Level 1 of the Orcish Mines
  9040 | Orc:1    | Noticed an orc sorcerer
  9239 | Orc:1    | Reached skill level 10 in Shields
  9260 | Orc:1    | Reached skill level 9 in Axes
  9711 | Orc:2    | Entered Level 2 of the Orcish Mines
  9907 | Lair:1   | Gained Ognian as an ally
  9918 | Lair:1   | Noticed Dragandan's ghost (novice DDFi)
  9929 | Lair:1   | Killed Dragandan's ghost
 10124 | Lair:1   | Reached XP level 12. HP: 108/108 MP: 12/12
 10440 | Lair:1   | Reached skill level 10 in Axes
 11115 | Lair:2   | Found a frozen archway.
 11128 | Lair:2   | Gained Ugrim as an ally
 11144 | IceCv    | Entered an ice cave
 11651 | IceCv    | Reached skill level 11 in Axes
 11832 | IceCv    | Found an ancient bone altar of Kikubaaqudgha.
 11974 | IceCv    | Reached ****** piety under Beogh
 13668 | Orc:2    | Noticed Saint Roka
 13686 | Orc:2    | Your ally Ugrim died
 13688 | Orc:2    | Your ally Bolgrim died
 13688 | Orc:2    | Killed Saint Roka
 13688 | Orc:2    | Reached skill level 12 in Axes
 13688 | Orc:2    | Reached XP level 13. HP: 25/118 MP: 13/13
 13804 | Orc:2    | Found a roughly hewn altar of Beogh.
 13864 | Orc:2    | Found a roughly hewn altar of Beogh.
 13872 | Orc:2    | Found Meant's General Store.
 13892 | Orc:2    | Bought a potion of curing for 39 gold pieces
 13892 | Orc:2    | Bought a scroll of remove curse for 39 gold pieces
 13892 | Orc:2    | Bought 2 fruits for 39 gold pieces
 14051 | Orc:2    | Found a staircase to the Elven Halls.
 14073 | Orc:2    | Noticed an orc warlord
 14086 | Orc:2    | Killed an orc warlord
 14094 | Orc:2    | Found Kivoqov's Antique Weapon Shop.
 14095 | Orc:2    | Found a roughly hewn altar of Beogh.
 14098 | Orc:2    | Found Korphofec's Antique Armour Boutique.
 14123 | Orc:2    | Gained mutation: You expend magic power (3 MP) to strengthen your wands. [a neqoxec]
 14143 | Orc:2    | Bought a faintly humming chain mail for 275 gold pieces
 14143 | Orc:2    | Identified the +10 chain mail "Ychoj" {+Fly} (You bought it in a shop on level 2 of the Orcish Mines)
 14377 | Orc:2    | Found a roughly hewn altar of Beogh.
 14548 | Orc:2    | Found a roughly hewn altar of Beogh.
 14590 | Orc:2    | Found a roughly hewn altar of Beogh.
 14602 | Orc:2    | Found Kaoplaxt's Antique Armour Shoppe.
 14612 | Orc:2    | Bought a spiked chain mail for 247 gold pieces
 14612 | Orc:2    | Identified the cursed +1 chain mail of Otahessets {+Inv rN+ Dex+4} (You bought it in a shop on level 2 of the Orcish Mines)
 14994 | Lair:3   | Gained Bogdar as an ally
 15001 | Lair:3   | Reached skill level 13 in Axes
 16067 | Lair:4   | Gained Bogfrid as an ally
 16161 | Lair:4   | Gained Bolgrim as an ally
 16322 | Lair:4   | Found a staircase to the Shoals.
 17093 | Lair:5   | Gained Boruk as an ally
 17693 | Lair:6   | Found a viscous altar of Jiyva.
 17693 | Lair:6   | Found a staircase to the Slime Pits.
 17753 | Lair:6   | Your ally Bolgrim died
 17774 | Lair:6   | Reached skill level 1 in Spellcasting
 18098 | Lair:6   | Found a staircase to the Snake Pit.
 18102 | Lair:6   | Noticed Kirke
 18114 | Lair:6   | Killed Kirke
 18114 | Lair:6   | Reached skill level 14 in Axes
 18114 | Lair:6   | Reached XP level 14. HP: 120/127 MP: 13/16
 18566 | Lair:7   | Gained Beowulf as an ally
 18625 | Lair:7   | Gained Urtork as an ally
 19986 | Lair:8   | Entered Level 8 of the Lair of Beasts
 20121 | Lair:8   | Your ally Urtork died
 20129 | Lair:8   | Gained Dorog as an ally
 20382 | Lair:8   | Found a dark tunnel.
 20394 | Volcano  | Entered a volcano
 20558 | Volcano  | Found a radiant altar of Vehumet.
 20608 | Volcano  | Found a radiant altar of Vehumet.
 21368 | Lair:1   | Identified the +3 quarterstaff "Vangobuj" {flame, *Corrode rC++ Int+6} (You found it on level 5 of the Dungeon)
 21399 | Lair:1   | Reached skill level 15 in Axes
 21399 | Lair:1   | Reached skill level 10 in Dodging
 21399 | Lair:1   | Reached XP level 15. HP: 136/136 MP: 17/19
 21484 | Shoals:1 | Entered Level 1 of the Shoals
 22488 | Shoals:1 | Found a glowing silver altar of Zin.
 22920 | Shoals:2 | Found Irchacun's Armour Shoppe.
 22971 | Shoals:2 | Bought the +6 scale mail of Ashenzari's Generosity {rElec rN+ MP+9} for 730 gold pieces
 22971 | Shoals:2 | Bought the +2 scale mail of the Griffon {Regen+ rCorr Str+4 Dex-2} for 431 gold pieces
 23395 | Shoals:2 | Reached XP level 16. HP: 145/145 MP: 21/21
 23946 | Shoals:3 | Reached skill level 16 in Axes
 23990 | Shoals:3 | Killed from afar by a water nymph

Skill      XL: |  1  2  3  4  5  6  7  8  9 10 11 12 13 14 15 16 |
---------------+-------------------------------------------------+-----
Dodging        | 1 2 3 4 5 6 7 8 9 10 | 10.7
Fighting       | 4 5 6 7 8 10 12 13 | 13.8
Shields        | 4 5 6 8 9 10 11 12 | 12.6
Armour         | 4 5 6 8 9 10 11 12 | 12.6
Axes           | 6 9 12 14 15 16 | 16.0
Spellcasting   | 1 2 3 |  3.9

Action                   |  1- 3 |  4- 6 |  7- 9 | 10-12 | 13-15 | 16-18 || total
-------------------------+-------+-------+-------+-------+-------+-------++-------
Melee: War axe           |   113 |   181 |   416 |   501 |   469 |    53 ||  1733
       Bite              |       |       |     1 |       |       |       ||     1
       Hand axe          |       |       |    40 |   179 |       |       ||   219
Invok: Convert to Beogh  |       |     1 |       |       |       |       ||     1
       Recall Orcish Fol |       |       |       |    12 |    30 |     1 ||    43
       Give Item to Name |       |       |       |       |     4 |       ||     4
       Resurrection      |       |       |       |       |     1 |       ||     1
  Use: Potion            |       |     9 |     4 |     4 |     1 |     1 ||    19
       Scroll            |       |     5 |     6 |    11 |    11 |       ||    33
 Stab: Paralysed         |       |       |       |     2 |       |       ||     2
       Distracted        |       |       |       |     1 |     6 |       ||     7
  Eat: Chunk             |       |     5 |     8 |    13 |    15 |       ||    41
       Pizza             |       |       |     2 |       |     1 |       ||     3
       Fruit             |       |       |     2 |     5 |    10 |       ||    17
       Beef jerky        |       |       |     1 |     1 |     1 |       ||     3
       Bread ration      |       |       |     1 |       |     1 |     1 ||     3
       Royal jelly       |       |       |     1 |       |       |       ||     1
       Meat ration       |       |       |       |     2 |       |       ||     2
Armor: Scale mail        |    63 |    87 |    58 |       |    25 |    22 ||   255
       Ring mail         |       |       |   140 |   395 |   176 |       ||   711
Dodge: Dodged            |    44 |    68 |   198 |   412 |   232 |    21 ||   975
Block: Shield            |    67 |    81 |   274 |   640 |   475 |    28 ||  1565
